 Dungeon Crawl Stone Soup version 0.18-a0-1435-gee79d65 (webtiles) character file.

1547 M4edhros the Martial Artist (level 8, -2/33 HPs)
             Began as an Octopode Artificer on Feb 28, 2016.
             Killed from afar by an orc wizard (8 damage)
             ... with a magic dart
             ... summoned by Xom
             ... on level 7 of the Dungeon.
             The game lasted 00:14:39 (18028 turns).

M4edhros the Martial Artist (Octopode Artificer)   Turns: 18028, Time: 00:14:40

Health: -2/33      AC:  1    Str:  8 (10) XL:     8   Next: 87%
Magic:  10/10      EV: 12    Int: 22 (23) God:    Xom [.*....]
Gold:   177        SH:  3    Dex:  9 (10) Spells: 0 memorised, 7 levels left

rFire  . . .     SeeInvis .       - Unarmed
rCold  . . .     Gourm    .     (no shield)
rNeg   . . .     Faith    .     (helmet restricted)
rPois  .         Spirit   .     B - +3 amulet of reflection
rElec  .         Dismiss  .     A - +6 ring of intelligence
rCorr  .         Reflect  +     (no ring)
SustAt .         Harm     .     (no ring)
MR     .....                    (no ring)
Stlth  +++.......               (no ring)
                                (no ring)
                                (no ring)
                                (no ring)

@: starving, not resistant to hostile enchantments, fairly stealthy
A: almost no armour, amphibious, 8 rings, constrict 8, camouflage 1, blurry
vision 1, clumsy 1, frail 3, mutation resistance 1, gelatinous body 1
a: Renounce Religion


You were on level 7 of the Dungeon.
You worshipped Xom.
You were a plaything of Xom.
You were starving.

You visited 2 branches of the dungeon, and saw 8 of its levels.

You collected 177 gold pieces.

Inventory:

Missiles
 l - 9 curare-tipped needles
 n - 50 sling bullets
Jewellery
 v - an uncursed ring of ice
 A - a +6 ring of intelligence (left tentacle)
 B - a +3 amulet of reflection (around mantle)
Wands
 b - a wand of flame (4/48)
 c - a wand of enslavement (14/24)
 d - a wand of random effects (3/48)
 e - a wand of digging (7/24)
 i - a wand of slowing (32/48)
 x - a wand of polymorph (11/24)
 z - a wand of random effects (26/48)
 D - a wand of iceblast (6/15)
Scrolls
 a - 4 scrolls of amnesia {unknown}
 g - 6 scrolls of remove curse {unknown}
 h - a scroll of immolation {unknown}
 j - a scroll of enchant weapon {unknown}
 m - 4 scrolls of teleportation {unknown}
 o - 2 scrolls of recharging {unknown}
 q - a scroll of fog {unknown}
 r - 2 scrolls of enchant armour {unknown}
 s - a scroll of random uselessness {unknown}
 t - 2 scrolls of noise {unknown}
 u - 4 scrolls of identify {unknown}
 y - a scroll of magic mapping {unknown}
Potions
 k - 3 potions of heal wounds
 p - 2 potions of curing
Comestibles
 f - 4 bread rations


   Skills:
 - Level 1.0 Fighting
   Level 1.0 Short Blades
 - Level 2.0 Dodging
 - Level 1.3 Stealth
 + Level 10.6 Unarmed Combat
 - Level 3.2 Evocations


You had 7 spell levels left.
You didn't know any spells.

Dungeon Overview and Level Annotations

Branches:
Dungeon (7/15)             Temple (1/1) D:6

Altars:
Ashenzari
Dithmenos
Elyvilon
Gozag
Kikubaaqudgha
Okawaru
Pakellas
Qazlal
Ru
Sif Muna
Trog
Vehumet
Xom
Zin

Shops:
D:2 *   D:4 (


Innate Abilities, Weirdness & Mutations

You cannot wear most types of armour.
You are amphibious.
You can wear up to eight rings at the same time.
You can use your tentacles to constrict eight enemies at once.
Your skin changes colour to match your surroundings (Stealth).
Your rubbery body absorbs attacks (AC +1).
Scrolls take you a little longer to read.
You are clumsy. (Dex -2)
You are extremely frail (-30% HP).
You are somewhat resistant to further mutation.


Message History

Unknown command.
Read which item? (? for menu, Esc to quit)
Okay, then.
You release your grip on the hog.
The orc shouts! "Go forth and cause havoc, mortal!"
You feel better.
The giant gecko completely misses your butterfly.
The orc hits you. The orc warrior misses you. The hog bites you!
You swap places.
The orc misses you. The orc hits you with a dagger!
* * * LOW HITPOINT WARNING * * *
The orc wizard misses your butterfly. The hog misses your butterfly.
The jackal zombie bites your butterfly.
Your butterfly dies!
The orc hits your butterfly.
Your butterfly dies!
The orc wizard points at you and mumbles some strange words.
The magic dart hits you!
You die...
Xom snickers!

## ### #.....
#.#.. ####.#.#
#....#.
##...b#######
#..#.@#.....#
#..o..#.....#
#bo#ho###'###
#..loo#....%#
##.#.YY...%%#
#...Z#######
######.#.######.
......>.........
###....###...#.


You could see a hog, an orc warrior, 2 sheep, an orc wizard, 3 orcs, a jackal
zombie and a giant gecko.

Vanquished Creatures
  Sigmund (D:3)
  Eustachio (D:4)
  A human (D:7)
  2 sky beasts
  An ogre (D:6)
  The ghost of Amnesiac the Changer, an amateur OpTm (D:4)
  Blork the orc (D:5)
  4 worker ants
  2 howler monkeys
  A crimson imp (D:6)
  A giant frog skeleton (D:5)
  A giant frog zombie (D:5)
  A hound (D:3)
  Jessica (D:2)
  An iguana (D:4)
  An orc wizard (D:3)
  A sheep (D:7)
  A hound skeleton (D:6)
  A howler monkey zombie (D:5)
  3 adders (D:2)
  A shadow imp (D:5)
  5 oozes
  9 worms
  3 dart slugs (D:1)
  7 giant geckos
  8 orcs
  9 giant cockroaches
  12 hobgoblins
  8 jackals
  10 kobolds
  5 quokkas
  A ball python (D:2)
  8 bats
  8 giant newts
  11 goblins
  A quokka skeleton (D:5)
  11 rats
144 creatures vanquished.

Vanquished Creatures (collateral kills)
  A scorpion (D:4)
  An iguana (D:4)
  A hound skeleton (D:4)
  A giant newt (D:4)
4 creatures vanquished.

Grand Total: 148 creatures vanquished

Notes
Turn   | Place    | Note
--------------------------------------------------------------
     0 | D:1      | M4edhros the Octopode Artificer began the quest for the Orb.
     0 | D:1      | Reached XP level 1. HP: 13/13 MP: 3/3
    46 | D:1      | Reached skill level 1 in Unarmed Combat
   343 | D:1      | Reached XP level 2. HP: 13/18 MP: 4/4
   575 | D:1      | Reached skill level 2 in Unarmed Combat
   705 | D:2      | Noticed Jessica
   716 | D:2      | Killed Jessica
   716 | D:2      | Reached skill level 3 in Unarmed Combat
   716 | D:2      | Reached XP level 3. HP: 11/23 MP: 5/5
   757 | D:2      | Found Zin's Purification Station.
   758 | D:2      | Found a glowing silver altar of Zin.
   797 | D:3      | Found an iron altar of Okawaru.
  1060 | D:3      | Reached XP level 4. HP: 21/28 MP: 6/6
  1182 | D:4      | Noticed Amnesiac's ghost (amateur OpTm)
  1786 | D:4      | Reached skill level 4 in Unarmed Combat
  1873 | D:4      | Reached XP level 5. HP: 5/33 MP: 7/7
  2203 | D:4      | Killed Amnesiac's ghost
  2203 | D:4      | Reached skill level 5 in Unarmed Combat
  2203 | D:4      | Reached XP level 6. HP: 34/38 MP: 8/8
  2618 | D:4      | Noticed Eustachio
  2654 | D:4      | Killed Eustachio
  2654 | D:4      | Reached skill level 6 in Unarmed Combat
  3012 | D:4      | Found Gecamame's Weapon Boutique.
  3116 | D:4      | Reached skill level 7 in Unarmed Combat
  3116 | D:4      | Reached XP level 7. HP: 37/43 MP: 9/9
  3244 | D:5      | Entered Level 5 of the Dungeon
  3465 | D:5      | Noticed Blork the orc
  3477 | D:5      | Killed Blork the orc
  3697 | D:5      | Reached skill level 8 in Unarmed Combat
  4283 | D:5      | Gained mutation: Your mind is acute. (Int +2) [mutagenic meat]
  4284 | D:5      | Gained mutation: Scrolls take you a little longer to read. [mutagenic meat]
  4285 | D:5      | Gained mutation: You are clumsy. (Dex -2) [mutagenic meat]
  4286 | D:5      | Gained mutation: Scrolls take you longer to read. [mutagenic meat]
  4287 | D:5      | Gained mutation: You are weak. (Str -2) [mutagenic meat]
  4400 | D:6      | Reached XP level 8. HP: 37/48 MP: 10/10
  4520 | D:6      | Found a staircase to the Ecumenical Temple.
  4530 | Temple   | Entered the Ecumenical Temple
  4640 | Temple   | Became a worshipper of Xom of Chaos
  4681 | D:6      | XOM: harmless Necr miscast
  4684 | D:6      | Reached skill level 9 in Unarmed Combat
  5065 | Temple   | XOM: god gift: scale mail {god gift}
  5838 | Temple   | XOM: give mutation
  5838 | Temple   | Gained mutation: You are somewhat resistant to further mutation. [Xom's grace]
  5937 | Temple   | XOM is BORED!
  5937 | Temple   | XOM: summons 4 hostile demons
  6592 | Temple   | XOM: scenery: 3 doors open, 1 doors close
  6823 | Temple   | XOM: god gift: amethyst potion
  7134 | Temple   | XOM: divination: detect creatures
  7167 | Temple   | XOM: summons 4 hostile demons
  7168 | Temple   | Noticed an ice devil
  8344 | D:1      | XOM: noise
  8799 | D:1      | XOM: harmless Ice miscast
 10160 | D:1      | XOM: 11-stop teleportation journey
 10327 | D:1      | XOM is BORED!
 10327 | D:1      | XOM: give mutations
 10327 | D:1      | Gained mutation: You are frail (-10% HP). [Xom's mischief]
 10327 | D:1      | Lost mutation: You are weak. (Str -2) [Xom's mischief]
 10633 | D:1      | XOM: harmless Conj miscast
 11068 | D:1      | Noticed a hill giant
 11087 | D:1      | XOM: confuse monster(s)
 11130 | D:2      | XOM: harmless Fire miscast
 12009 | D:2      | Found a shattered altar of Ashenzari.
 12059 | D:2      | XOM: colour smoke trail
 12442 | D:2      | XOM: mild Trmt miscast
 12729 | D:2      | Found a shadowy altar of Dithmenos.
 12988 | D:2      | XOM is BORED!
 12988 | D:2      | XOM: medium Erth miscast
 13441 | D:2      | XOM: mild Air miscast
 13543 | D:2      | XOM: mild Fire miscast
 14312 | D:2      | XOM: give mutations
 14312 | D:2      | Gained mutation: You are very frail (-20% HP). [Xom's mischief]
 14312 | D:2      | Gained mutation: You are extremely frail (-30% HP). [Xom's mischief]
 14312 | D:2      | Lost mutation: You are somewhat resistant to further mutation. [Xom's mischief]
 14312 | D:2      | Lost mutation: Scrolls take you longer to read. [Xom's mischief]
 14862 | D:2      | XOM: noise
 15191 | D:2      | XOM: silly message
 15311 | D:2      | XOM: stat loss: -1 Int (16/19)
 15427 | D:3      | Found a bloodstained altar of Trog.
 15450 | D:3      | Noticed Sigmund
 15461 | D:3      | Killed Sigmund
 16775 | D:3      | XOM: give mutations
 16775 | D:3      | Gained mutation: You are very clumsy. (Dex -4) [Xom's mischief]
 16775 | D:3      | Lost mutation: You are very clumsy. (Dex -4) [Xom's mischief]
 16866 | D:3      | XOM: colour smoke trail
 16917 | D:3      | Reached skill level 10 in Unarmed Combat
 17019 | D:3      | Found a deep blue altar of Sif Muna.
 17060 | D:3      | XOM is BORED!
 17060 | D:3      | XOM: mild Tloc miscast
 17269 | D:3      | XOM: summons 4 hostile shadow creatures
 17324 | D:3      | XOM: divination: magic mapping
 17568 | D:6      | XOM: harmless Trmt miscast
 17770 | D:6      | Lost mutation: Your mind is acute. (Int +2) [mutagenic meat]
 17771 | D:6      | Gained mutation: You are somewhat resistant to further mutation. [mutagenic meat]
 18013 | D:7      | XOM: butterfly on damage
 18019 | D:7      | XOM: mild Air miscast
 18021 | D:7      | XOM: butterfly on damage
 18022 | D:7      | XOM: summons 3 hostile shadow creatures
 18025 | D:7      | XOM: potion effect (curing)
 18028 | D:7      | Killed from afar by an orc wizard

Vault maps used:
D:1:      saegor_arrival_simple_f
D:2:      zin_purify, nicolae_overflow_crystal_walls, ashenzari_altar_1,
          uniq_jessica
D:3:      marbit_many_paths, okawaru_ov_weapons_minmay, lemuel_crystal_altar,
          uniq_sigmund
D:4:      kennysheep_six_static_rooms, serial_shops, nicolae_shop_behind_doors,
          first_bread, serial_park_tiny_2, uniq_eustachio
D:5:      lemuel_flamethrower_1, uniq_blork_the_orc
D:6:      minmay_temple_entry_junction2
D:7:      cheibriados_altar_1, lemuel_coloured_pillars_altar, grunt_livestock
Temple:   nicolae_temple_figure_zero

Skill      XL: |  1  2  3  4  5  6  7  8 |
---------------+-------------------------+-----
Unarmed Combat | 1 3 4 5 7 8 10 | 10.6
Fighting       | |  1.0
Short Blades   | |  1.0
Dodging        | |  2.0
Stealth        | |  1.3
Evocations     | |  3.2

Action                   |  1- 3 |  4- 6 |  7- 9 || total
-------------------------+-------+-------+-------++-------
Melee: Unarmed           |    67 |    58 |   267 ||   392
Evoke: Wand              |     1 |     9 |    14 ||    24
  Use: Potion            |     3 |       |     8 ||    11
 Stab: Sleeping          |       |     1 |     8 ||     9
       Paralysed         |       |     3 |       ||     3
       Distracted        |       |       |     4 ||     4
  Eat: Chunk             |       |     6 |    43 ||    49
       Meat ration       |       |       |     1 ||     1
       Bread ration      |       |       |     1 ||     1
       Royal jelly       |       |       |     1 ||     1
